 Dungeon Crawl Stone Soup version 0.30.1-9-gdf580d7c3d (webtiles) character file.

Game seed: 7327588325141519445

32 KittyFluff the Trooper (level 3, -4/36 HPs)
             Began as a Gargoyle Berserker on Oct 20, 2023.
             Was a Follower of Trog.
             Slain by Sigmund
             ... wielding a +0 scythe
              (8 damage)
             ... on level 2 of the Dungeon.
             The game lasted 00:03:44 (1005 turns).

KittyFluff the Trooper (Gargoyle Berserker)         Turns: 1005, Time: 00:03:44

Health: -4/36      AC:  5    Str: 28    XL:     3   Next: 25%
Magic:  3/3        EV: 12    Int:  7    God:    Trog [*.....]
Gold:   85         SH:  0    Dex:  9    Spells: 2/2 levels left

rFire   . . .        a - +0 mace
rCold   + . .        (no shield)
rNeg    + . .        b - +0 animal skin
rPois   ∞            (no helmet)
rElec   +            (no cloak)
rCorr   .            (no gloves)
SInv    .            (no boots)
Will    .....        (no amulet) Stlth
                     d - +6 ring of strength
HPRegen 0.26/turn    l - ring of protection from cold
MPRegen 0.08/turn

%: no passive effects
@: berserking, very quick
A: sickness immunity, AC +3, negative energy resistance 1, electricity
resistance, torment resistance 1, petrification resistance
a: Renounce Religion, Berserk


You were on level 2 of the Dungeon.
You worshipped Trog.
Trog was aware of your devotion.
You visited 1 branch of the dungeon, and saw 2 of its levels.

You collected 85 gold pieces.

Inventory:

Hand Weapons
 a - a +0 mace (weapon)
Missiles
 h - 2 silver javelins (quivered)
 j - 2 poisoned darts
Armour
 b - a +0 animal skin (worn)
Jewellery
 d - a +6 ring of strength (left hand)
 l - a ring of protection from cold (right hand)
Scrolls
 e - a scroll of fear {unknown}
 f - a scroll of immolation {unknown}
 i - a scroll of magic mapping {unknown}
 k - a scroll of enchant weapon {unknown}
Potions
 c - 2 potions of curing {unknown}
 g - a potion of resistance {unknown}


   Skills:
 + Level 3.6 Fighting
 + Level 3.3 Maces & Flails
 + Level 2.8 Armour
 + Level 2.0 Dodging


You had 2 spell levels left.
You didn't know any spells.
Your spell library was empty.

Dungeon Overview and Level Annotations

Branches:
Dungeon (2/15)

Altars:
Uskayaw

Shops:
D:1 !(!

Annotations:
D:2 Sigmund


Innate Abilities, Weirdness & Mutations

You are immune to sickness and miasma.
Your stone body is resilient. (AC +3)
You are immune to poison.
You resist negative energy. (rN+)
You are resistant to electric shocks. (rElec)
You are resistant to unholy torment.
You are immune to petrification.


Message History

There is a stone staircase leading up here.
l - a ring of protection from cold
l - a ring of protection from cold (right hand)
There is a stone staircase leading up here.
Things that are here:
a jackal corpse; a jackal corpse
Found an escape hatch in the ceiling.
There is an escape hatch in the ceiling here.
Found a hide-covered altar of Uskayaw.
Sigmund the Dreaded comes into view.
He is wielding a +0 scythe and wearing a +2 robe of resistance.
Sigmund shouts!
Sigmund points at you and mumbles some strange words.
The magic dart hits you.
Sigmund mumbles some strange words.
Sigmund flickers and vanishes!
Deactivating autopickup; reactivate with Ctrl-A.
A puff of flame appears from out of thin air!
The puff of flame misses you.
A puff of flame appears from out of thin air!
The puff of flame hits you.
You hear some strange, mumbled words.
You are confused.
You're too confused to move!
You bump into the rock wall.
Something hits you.
You bump into the rock wall.
You bump into the rock wall.
A magic dart appears from out of thin air!
The magic dart hits you.
You feel less confused. Something hits you.
A red film seems to cover your vision as you go berserk!
You feel yourself moving faster!
You feel mighty! Something hits you!
* * * LOW HITPOINT WARNING * * *
You sock something! You closely miss something.
Something hits you but does no damage.
You barely miss something. You miss something. Something barely misses you.
You miss something. You sock something! Something hits you!
You die...

#.....##.##.#.
##.._........#.###
#.##.........
....# ..........#
#...# #...#
#...#### #.#.# #
#....... # #.# .#
#..###.# #{####.#
#....... #@##...#
##.###.# #.##.#
#.# #.#
#.##.#######.# #.#
#............###.#
####.####.........
#.....<..####..
########## ###


There were no monsters in sight!

Vanquished Creatures
  A dart slug (D:1)
  A bat (D:1)
  An endoplasm (D:1)
  A giant cockroach (D:1)
  3 goblins (D:1)
  7 jackals
  2 quokkas (D:1)
  2 ball pythons (D:1)
  5 kobolds (D:1)
  A rat (D:1)
24 creatures vanquished.

Notes
Turn   | Place    | Note
-------+----------+-------------------------------------------
     0 | D:1      | KittyFluff the Gargoyle Berserker began the quest for the
                  | Orb.
     0 | D:1      | Reached XP level 1. HP: 14/14 MP: 1/1
   126 | D:1      | Found Unuok's Distillery.
   421 | D:1      | Reached XP level 2. HP: 19/19 MP: 2/2
   439 | D:1      | Found Genyro Pekhlu's Distillery.
   643 | D:1      | Found Kiry's Weapon Shop.
   662 | D:1      | Reached XP level 3. HP: 21/23 MP: 3/3
   980 | D:2      | Found a hide-covered altar of Uskayaw.
   983 | D:2      | Noticed Sigmund
  1005 | D:2      | Slain by Sigmund

Illustrated notes

Levels and vault maps discovered:
D:1:      matt_arrival_los_fun, layout_loops_ring, serial_shops,
          nicolae_shop_window_shopping, shop, shop
D:2:      layout_loops_ring, basic_ecumenical_altar, basic_altar,
          uniq_crazy_yiuf_cottage, uniq_sigmund

Skill      XL: |  1  2  3 |
---------------+----------+-----
Dodging        | 2 |  2.0
Fighting       | |  3.6
Maces & Flails | |  3.3
Armour         | |  2.8

Action                     || total
---------------------------++-------
  Melee: Mace              ||    74
         Punch             ||     1
 Invoke: Berserk           ||     1
 Armour: Animal skin       ||    18
  Dodge: Dodged            ||    48
